 Dungeon Crawl Stone Soup version 0.31.0-11-ge490571c62 (webtiles) character file.

Game seed: 17059757810021659251

1569 Betrocious the Grappler (level 8, -13/67 HPs)
             Began as a Ghoul Monk on Feb 10, 2024.
             Was an Elder of Wu Jian.
             Mangled by a cyan ugly thing (16 damage)
             ... on level 7 of the Dungeon.
             The game lasted 00:29:01 (4005 turns).

Betrocious the Grappler (Ghoul Monk)                Turns: 4005, Time: 00:29:01

Health: -13/67     AC: 11    Str: 17    XL:     8   Next: 90%
Magic:  8/8        EV:  8    Int:  9    God:    Wu Jian [****..]
Gold:   225        SH:  5    Dex: 11    Spells: 7/7 levels left

rFire   + .          .
                       - Unarmed
rCold   . . .        c - orb {light}
rNeg    + + +        p - +0 chain mail
rPois   ∞            (no helmet)
rElec   .            (no cloak)
rCorr   .            (no gloves)
SInv    .            q - +1 pair of boots
Will    +....        k - amulet of reflection Stlth
                     h - ring of fire
HPRegen 0.00/turn    d - ring of willpower
MPRegen 0.11/turn

%: reflection
@: about to teleport, inhibited regen, glowing
A: claws 1, cold resistance 1, negative energy resistance 3, inhibited
regeneration, torment resistance 2, devour on kill
a: Renounce Religion, Wall Jump, Serpent's Lash


You were on level 7 of the Dungeon.
You worshipped Wu Jian.
Wu Jian was greatly pleased with you.
You visited 2 branches of the dungeon, and saw 8 of its levels.
You also visited: Ossuary.

You collected 225 gold pieces.

Inventory:

Armour
 c - an orb of light (worn)
 p - a +0 chain mail (worn)
 q - a +1 pair of boots (worn)
Jewellery
 d - a ring of willpower (right claw)
 h - a ring of fire (left claw)
 k - an amulet of reflection (around neck)
Talismans
 j - a blade talisman
Scrolls
 a - a scroll of teleportation
 i - 3 scrolls of enchant weapon
 m - 3 scrolls of blinking
 n - a scroll of amnesia
 o - a scroll of torment
 t - a scroll of summoning
 u - a scroll of fear {unknown}
 w - a scroll of revelation
Potions
 b - a potion of ambrosia
 e - 2 potions of might {unknown}
 f - 7 potions of mutation (quivered)
 g - a potion of degeneration {unknown}
 l - 2 potions of attraction
 r - a potion of haste {unknown}
 s - a potion of enlightenment {unknown}
 v - a potion of curing


   Skills:
 + Level 4.7 Fighting
 + Level 3.8 Armour
 + Level 3.7 Dodging
 + Level 10.3 Unarmed Combat


You had 7 spell levels left.
You didn't know any spells.
Your spell library contained the following spells:

 Spells                   Type           Power      Damage    Failure   Level
 Freeze                   Ice            0%         1d3       99%         1
 Dazzling Flash           Conj/Hex       0%         N/A       100%        3
 Frozen Ramparts          Ice            0%         1d1       100%        3
 Hailstorm                Conj/Ice       0%         3d5       100%        3
 Mephitic Cloud           Conj/Alch/Air  0%         N/A       100%        3
 Brom's Barrelling Bould  Conj/Erth      0%         2d3       100%        4
 Curse of Agony           Necr           0%         N/A       100%        5
 Fireball                 Conj/Fire      0%         3d3       100%        5
 Iskenderun's Battlesphe  Conj           0%         2d6       100%        5
 Silence                  Hex/Air        0%         N/A       100%        5
 Conjure Ball Lightning   Conj/Air       0%         3x3d6     100%        6
 Orb of Destruction       Conj           0%         9d5       100%        7


Dungeon Overview and Level Annotations

Branches:
Dungeon (7/15)             Temple (1/1) D:4         Ossuary (visited)

Altars:
Cheibriados
Gozag
Hepliaklqana
Nemelex Xobeh
Okawaru
Qazlal
Sif Muna
Wu Jian
Yredelemnul

Shops:
D:4 *   D:6 (

Annotations:
D:6 3 runed translucent doors, Bravepunisher's ghost, weakling SpMo; FoolsGold's ghost, novice MfIE; Kruger's ghost, novice GnWn; Marixus's ghost, novice HOFi; Minsecho's ghost, novice OpAl


Innate Abilities, Weirdness & Mutations

You are immune to poison.
You have sharp fingernails.
Your flesh is cold resistant. (rC+)
You are immune to negative energy. (rN+++)
You do not regenerate when monsters are visible.
You are immune to unholy pain and torment.
You thrive by killing the living.


Message History

The Council accepts your kill.
You feel better.
Items here: ( )))) [ †††.
You open the door.
There is an open door here.
You open the door.
Found a glowing long sword.
There is an open door here.
You open the door.
A two-headed ogre, a cyan ugly thing, a vampire and a vampire mosquito come into view.
The two-headed ogre shouts in stereo!
The cyan ugly thing gurgles horribly!
The vampire mosquito buzzes angrily.
You hear a shout!
A troll comes into view.
Something unseen opens the door.
You hear a shout!
Found five items.
A kobold comes into view. It is wielding a +0 short sword.
You barely miss the vampire mosquito.
The kobold shouts!
The vampire mosquito bites you.
The vampire mosquito bites you but does no damage.
A kobold comes into view. It is wielding a +0 whip. x2
You scratch the vampire mosquito but do no damage.
You scratch the cyan ugly thing.
The cyan ugly thing is lightly wounded.
You scratch the cyan ugly thing.
The cyan ugly thing is lightly wounded.
The cyan ugly thing bites you. The cyan ugly thing shocks you!
You barely miss the cyan ugly thing.
The cyan ugly thing is lightly wounded.
The cyan ugly thing bites you! The cyan ugly thing shocks you!
As you read the scroll of teleportation, it crumbles to dust.
You feel strangely unstable. The cyan ugly thing bites you.
* * * LOW HITPOINT WARNING * * *
The cyan ugly thing shocks you!
* * * LOW HITPOINT WARNING * * *
You feel better. The cyan ugly thing bites you.
* * * LOW HITPOINT WARNING * * *
The cyan ugly thing shocks you!
You die... +# .### ## .#= }# 'K# #.+ KK#T= OVy

#.###+### #u# #
#.#.....###@###
#.#.#.⌠.⌠.#.8.8.#
.#.+..8..'....)+
..#.⌠.⌠.#.8.8.#
#.#.....###.###
#.###'#####+#
#............
#..#.........
###.######...#


You could see a cyan ugly thing, a two-headed ogre, a troll, a vampire, a
vampire mosquito and 3 kobolds.

Vanquished Creatures
  A hornet (D:7)
  A water moccasin (D:6)
  An orc warrior (D:7)
  A black bear (D:6)
  A centaur (D:6)
  A kobold brigand (D:7)
  A scorpion (D:5)
  4 water moccasin zombies (Ossuary)
  A burial acolyte (Ossuary)
  A howler monkey (D:5)
  A bombardier beetle (D:4)
  An orc priest (D:6)
  2 hounds (D:5)
  A spectral scorpion (Ossuary)
  A sleepcap (D:4)
  4 orc wizards
  A bullfrog simulacrum (Ossuary)
  2 mummies (Ossuary)
  A gnoll (D:1)
  7 adders
  2 white imps (D:5)
  2 ufetubi (D:6)
  5 adder zombies (Ossuary)
  5 dart slugs
  2 ribbon worms
  17 orcs
  6 endoplasms
  2 giant cockroaches (D:1)
  5 goblins
  4 hobgoblins
  4 quokkas
  10 ball pythons
  2 bats
  A frilled lizard (D:3)
  11 gnoll zombies (Ossuary)
  A jackal zombie (Ossuary)
  15 kobolds
  5 orc zombies (Ossuary)
  7 rats
140 creatures vanquished.

Notes
Turn   | Place    | Note
-------+----------+-------------------------------------------
     0 | D:1      | Betrocious the Ghoul Monk began the quest for the Orb.
     0 | D:1      | Reached XP level 1. HP: 19/19 MP: 1/1
     2 | D:1      | Noticed an oni
     2 | D:1      | Noticed a djinni
     6 | D:1      | Noticed a minotaur
     6 | D:1      | Noticed a spriggan
     8 | D:1      | Noticed a ghoul
     8 | D:1      | Noticed a vampire
    10 | D:1      | Noticed a demigod
    10 | D:1      | Noticed a felid
    24 | D:1      | Noticed a draconian
    26 | D:1      | Noticed a barachi
    26 | D:1      | Noticed a human
    28 | D:1      | Noticed a merfolk
    28 | D:1      | Noticed a gargoyle
    30 | D:1      | Noticed a tengu
    30 | D:1      | Noticed an octopode
    32 | D:1      | Noticed a demonspawn
    32 | D:1      | Noticed an elf
    38 | D:1      | Noticed an armataur
    38 | D:1      | Noticed a vine stalker
    40 | D:1      | Noticed a formicid
    42 | D:1      | Noticed a troll
    42 | D:1      | Noticed a naga
    51 | D:1      | Reached XP level 2. HP: 25/26 MP: 2/2
   152 | D:1      | Reached XP level 3. HP: 33/33 MP: 3/3
   201 | D:1      | Found a faded altar of an unknown god.
   474 | D:2      | Reached skill level 4 in Unarmed Combat
   924 | D:3      | Reached XP level 4. HP: 36/40 MP: 4/4
  1217 | D:3      | Reached skill level 1 in Armour
  1646 | D:4      | Found a staircase to the Ecumenical Temple.
  1659 | Temple   | Entered the Ecumenical Temple
  1744 | Temple   | Became a worshipper of the Wu Jian Council
  1744 | Temple   | Reached * piety under Wu Jian
  1744 | Temple   | Reached ** piety under Wu Jian
  1894 | D:4      | Reached XP level 5. HP: 40/46 MP: 5/5
  1930 | D:4      | Reached skill level 5 in Unarmed Combat
  1937 | D:4      | Found Sekuk's Neck Hole.
  2018 | D:5      | Entered Level 5 of the Dungeon
  2319 | D:5      | Reached XP level 6. HP: 52/52 MP: 6/6
  2381 | D:5      | Found a shimmering blue altar of Sif Muna.
  2402 | D:5      | Reached skill level 6 in Unarmed Combat
  2720 | D:6      | Noticed a black bear
  2734 | D:6      | Killed a black bear
  2735 | D:6      | Reached XP level 7. HP: 46/59 MP: 7/7
  2856 | D:6      | Found Gicam's Weapon Shoppe.
  2960 | D:6      | Reached *** piety under Wu Jian
  2961 | D:6      | Reached skill level 7 in Unarmed Combat
  3173 | D:6      | Found a runed translucent gate.
  3173 | D:6      | Found a runed translucent gate.
  3173 | D:6      | Found a runed translucent gate.
  3173 | D:6      | Identified the +7 hand axe of the Wary Eyes {flame, rCorr
                  | Dex+2}
  3176 | D:6      | Noticed Kruger's ghost (novice GnWn)
  3176 | D:6      | Noticed Minsecho's ghost (novice OpAl)
  3177 | D:6      | Noticed Marixus's ghost (novice HOFi)
  3177 | D:6      | Noticed Bravepunisher's ghost (weakling SpMo)
  3177 | D:6      | Noticed FoolsGold's ghost (novice MfIE)
  3324 | D:6      | Found a sand-covered staircase.
  3329 | Ossuary  | Entered an ossuary
  3339 | Ossuary  | Reached skill level 8 in Unarmed Combat
  3346 | Ossuary  | Reached XP level 8. HP: 67/67 MP: 8/8
  3509 | Ossuary  | Reached skill level 9 in Unarmed Combat
  3615 | Ossuary  | Reached **** piety under Wu Jian
  3750 | D:7      | Noticed a hornet
  3760 | D:7      | Killed a hornet
  3940 | D:7      | Reached skill level 10 in Unarmed Combat
  3998 | D:7      | Noticed a two-headed ogre
  3998 | D:7      | Noticed a cyan ugly thing
  3998 | D:7      | Noticed a vampire
  3998 | D:7      | Noticed a troll
  4005 | D:7      | HP: 3/67 [cyan ugly thing (6)]
  4005 | D:7      | Mangled by a cyan ugly thing

Illustrated notes

Levels and vault maps discovered:
D:1:      kb_arrival_jail, layout_rooms,
          hellmonk_ecumenical_altar_defaced_shrine
D:2:      layout_basic, chequers_serial_rivers_micro_c, minmay_misc_feat_plants
D:3:      layout_basic
D:4:      layout_cave_pools, minmay_temple_entry_waves,
          chequers_serial_rivers_micro_c, nicolae_shop_sticking_my_neck_out
D:5:      layout_basic, mainiacjoe_overflow_boulevard
D:6:      layout_basic, enter_ossuary_5, serial_shops,
          nicolae_shop_tiny_waterfront, gammafunk_ghost_cemetery
D:7:      minmay_the_grid_square_5x5_3x3 [minmay_the_grid_square_5x5_lines,
          minmay_the_grid_square_5x5_fancy_junction,
          minmay_the_grid_square_5x5_shrine1,
          minmay_the_grid_square_5x5_half_checkered,
          minmay_the_grid_square_5x5_megaprize_diamond,
          minmay_the_grid_square_5x5_tri_point, minmay_the_grid_square_5x5_six,
          minmay_the_grid_square_5x5_pentomino_r,
          minmay_the_grid_square_5x5_plus], layout_loops_ring,
          nicolae_ru_sacrificial_ziggurat, serial_shops, shop
Temple:   compressed_dpeg_triangle_lava_temple

Skill      XL: |  1  2  3  4  5  6  7  8 |
---------------+-------------------------+-----
Dodging        | 3 |  3.7
Unarmed Combat | 4 5 6 8 10 | 10.3
Armour         | 1 2 3 |  3.8
Fighting       | 4 |  4.7

Action                     |  1- 3 |  4- 6 |  7- 9 || total
---------------------------+-------+-------+-------++-------
  Melee: Unarmed           |    74 |   135 |   256 ||   465
Ability: Lunge             |       |     8 |     2 ||    10
         Whirlwind         |       |       |     1 ||     1
    Use: Potion            |     1 |     1 |     1 ||     3
         Scroll            |       |     9 |     2 ||    11
 Armour: Leather armour    |    30 |       |       ||    30
         Skin              |     1 |       |       ||     1
         Chain mail        |       |    91 |   167 ||   258
  Dodge: Dodged            |    45 |    45 |    93 ||   183
